 Dungeon Crawl Stone Soup version 0.22.1-1-ga44c0e5 (webtiles) character file.

90 Fang the Skirmisher (level 4, -1/43 HPs)
             Began as a Gargoyle Berserker on Sept 25, 2018.
             Was a Believer of Trog.
             Slain by a gnoll
             ... wielding a +0 flail
              (6 damage)
             ... on level 3 of the Dungeon.
             The game lasted 00:01:30 (1278 turns).

Fang the Skirmisher (Gargoyle Berserker)            Turns: 1278, Time: 00:01:30

Health: -1/43      AC:  5    Str: 27    XL:     4   Next: 56%
Magic:  4/4        EV: 12    Int:  7    God:    Trog [**....]
Gold:   97         SH:  0    Dex:  9    Spells: 3/3 levels left

rFire    . . .     SeeInvis .   a - +0 hand axe
rCold    . . .     Gourm    .   (no shield)
rNeg     + . .     Faith    .   b - +0 animal skin
rPois    ∞         Spirit   .   (no helmet)
rElec    +         Reflect  .   (no cloak)
rCorr    .         Harm     .   (no gloves)
MR       .....                  (no boots)
Stlth    ..........             (no amulet)
HPRegen  0.14/turn              (no ring)
MPRegen  0.09/turn              (no ring)

@: berserking (expiring), very quick
A: negative energy resistance 1, electricity resistance, unbreathing,
petrification resistance, rot immunity, AC +3
a: Berserk, Trog's Hand, Renounce Religion


You were on level 3 of the Dungeon.
You worshipped Trog.
Trog was pleased with you.
You were very hungry.

You visited 1 branch of the dungeon, and saw 3 of its levels.

You collected 97 gold pieces.

Inventory:

Hand Weapons
 a - a +0 hand axe (weapon)
Armour
 b - a +0 animal skin (worn)
Jewellery
 j - an uncursed ring of flight {unknown}
Scrolls
 d - 2 scrolls of remove curse {unknown}
 i - a scroll of immolation {unknown}
 l - a scroll of identify {unknown}
Potions
 e - a potion of agility {unknown}
 f - 3 potions of curing {unknown}
 g - 2 potions of heal wounds {unknown}
 h - a potion of ambrosia {unknown}
Comestibles
 c - 4 rations


   Skills:
 + Level 4.1 Fighting
 + Level 3.7 Axes
 + Level 2.3 Armour
 + Level 2.1 Dodging


You had 3 spell levels left.
You didn't know any spells.
Your spell library was empty.

Dungeon Overview and Level Annotations

Branches:
Dungeon (2/15)

Altars:


Innate Abilities, Weirdness & Mutations

You are resistant to torment.
Your stone body is resilient. (AC +3)
You are immune to poison.
You resist negative energy. (rN+)
You are resistant to electric shocks. (rElec)
You can survive without breathing.
You are immune to petrification.
You are immune to rotting.


Message History

Unknown command.
You are too injured to fight recklessly!
You feel a strong urge to attack something.
The gnoll hits you with a flail. The gnoll barely misses you.
Unknown command.
You slash the gnoll!
The gnoll is severely wounded.
You barely miss the gnoll. The gnoll hits you with a flail.
* * * LOW HITPOINT WARNING * * *
The gnoll hits you with a halberd.
* * * LOW HITPOINT WARNING * * *
Unknown command.
You completely miss the gnoll.
The gnoll is heavily wounded.
You barely miss the gnoll. You slash the gnoll!
The gnoll is severely wounded.
You barely miss the gnoll. You completely miss the gnoll.
The gnoll hits you with a flail.
You die...

..........#
..........#####
...............
..............#
#...........#
.#...........#
.......gg>....#
#.#....g@.....#
.............#
.#####............#
..................###
..........###.#.....#
..........# #.#.....#
..........###.#.....#
.......†##..........#
#.......##..........#


You could see 3 gnolls.

Vanquished Creatures
  An orc priest (D:3)
  2 adders
  An ooze (D:2)
  A worm (D:2)
  A dart slug (D:1)
  2 orcs (D:3)
  7 bats
  A giant cockroach (D:2)
  3 goblins (D:1)
  5 hobgoblins
  A ball python (D:1)
  2 frilled lizards (D:1)
  3 kobolds
  4 rats
34 creatures vanquished.

Notes
Turn   | Place    | Note
-------+----------+-------------------------------------------
     0 | D:1      | Fang the Gargoyle Berserker began the quest for the Orb.
     0 | D:1      | Reached XP level 1. HP: 14/14 MP: 1/1
   263 | D:1      | Reached XP level 2. HP: 19/19 MP: 2/2
   650 | D:2      | Reached XP level 3. HP: 14/24 MP: 3/3
   742 | D:2      | Reached ** piety under Trog
  1017 | D:2      | You fall through a shaft!
  1040 | D:3      | Reached XP level 4. HP: 22/29 MP: 4/4
  1042 | D:3      | Reached skill level 4 in Fighting
  1278 | D:3      | Slain by a gnoll

Skill      XL: |  1  2  3  4 |
---------------+-------------+-----
Axes           | 3 |  3.7
Dodging        | 2 |  2.1
Fighting       | 4 |  4.1
Armour         | |  2.3

Action                   |  1- 3 |  4- 6 || total
-------------------------+-------+-------++-------
Melee: Hand axe          |   100 |    21 ||   121
Invok: Berserk           |       |     1 ||     1
  Eat: Chunk             |       |     1 ||     1
Armor: Animal skin       |    39 |     6 ||    45
Dodge: Dodged            |    78 |     8 ||    86
